 Dungeon Crawl Stone Soup version 0.28-a0-1613-gdaab1c2f9b (webtiles) character file.

Game seed: 16981078736034397910

0 meatgazer the Skirmisher (level 1, -8/18 HPs)
             Began as a Demonspawn Abyssal Knight on Jan 21, 2022.
             Was a Follower of Lugonu.
             Mangled by a spriggan defender skeleton (19 damage)
             ... on level 2 of the Abyss.
             The game lasted 00:00:16 (78 turns).

meatgazer the Skirmisher (Demonspawn Abyssal Knight)  Turns: 78, Time: 00:00:17

Health: -8/18      AC:  3    Str: 13    XL:     1   Next: 0%
Magic:  2/2        EV: 11    Int: 11    God:    Lugonu [*.....]
Gold:   0          SH:  0    Dex: 13    Spells: 0/0 levels left

rFire   . . .      SeeInvis .   a - +1 falchion
rCold   . . .      Faith    .   (no shield)
rNeg    . . .      Spirit   .   b - +0 leather armour
rPois   .          Reflect  .   (no helmet)
rElec   .          Harm     .   (no cloak)
rCorr   .          Rampage  .   (no gloves)
Will    .....                   (no boots)
Stlth   +.........              (no amulet)
HPRegen 0.06/turn               (no ring)
MPRegen 0.08/turn               (no ring)

@: no status effects
A: no striking features
a: Renounce Religion, Depart the Abyss


You were on level 2 of the Abyss.
You worshipped Lugonu.
Lugonu was aware of your devotion.
You visited 0 branches of the dungeon, and saw 0 of its levels.
You visited the Abyss 1 time.

Inventory:

Hand Weapons
 a - a +1 falchion (weapon)
Armour
 b - a +0 leather armour (worn)


   Skills:
 + Level 3.0 Fighting
 + Level 1.7 Long Blades
 + Level 1.7 Armour
 + Level 0.8 Dodging
 + Level 2.4 Invocations


You couldn't memorise any spells.
You didn't know any spells.
Your spell library was empty.

Dungeon Overview and Level Annotations

Branches:
Dungeon (0/15)

Altars:


Message History

Welcome, meatgazer the Demonspawn Abyssal Knight.
The incredible Orb of Zot lies far below, as if waiting for you to find it.
Lugonu says: Depart the Abyss and spread corruption, my servant! (use the ability menu to exit the Abyss) Press ? for a list of commands and other information.
Found a corrupted altar of Lugonu.
Found a gateway leading out of the Abyss.
There is a gateway leading out of the Abyss here.
Found a gateway leading deeper into the Abyss.
There is a gateway leading deeper into the Abyss here.
You plunge deeper into the Abyss.
Found a gateway leading out of the Abyss.
A small abomination comes into view.
There is a gateway leading out of the Abyss here.
A glowing orange brain comes into view.
A shadow demon comes into view.
The shadow demon gives a loud, deep croak!
A small abomination comes into view.
The shadow demon gestures.
The small abomination hits you!
Tentacles burst from the starspawn's body! 2 starspawn tentacles come into view.
A spriggan defender skeleton comes into view.
Tentacles burst from the starspawn's body! 2 starspawn tentacles come into view.
The spriggan defender skeleton hits you!!
Ouch! That really hurt!
You die...

.. . #.. #.#.#
. ..#
.....#.##...
...#.#.... #
#.....#. ##.
#..#..# .
..##.....#.#.
.. #..#.#@.#..
...#...#Zx#.#
# #...#│3x...#
. .#
#│..#.##.#
#.#.# #X#..§.#
..
#Xw3##w##2#.##
. #.
#w...###..##
..###...#
.....# .# .#.
.##..#..# #


You could see a tentacled starspawn (summoned), a shadow demon, a smoke demon
(summoned), 2 small abominations, a starspawn tentacle and a spriggan defender
skeleton.

Vanquished Creatures (others)
  2 starspawn tentacles (Abyss:2)
2 creatures vanquished.

Notes
Turn   | Place    | Note
-------+----------+-------------------------------------------
     0 | Abyss:1  | meatgazer the Demonspawn Abyssal Knight began the quest for
                  | the Orb.
     0 | Abyss:1  | Reached XP level 1. HP: 18/18 MP: 2/2
    49 | Abyss:2  | Noticed a small abomination
    64 | Abyss:2  | Noticed a glowing orange brain
    68 | Abyss:2  | Noticed a shadow demon
    69 | Abyss:2  | Noticed a small abomination
    71 | Abyss:2  | Noticed a smoke demon
    71 | Abyss:2  | Noticed a tentacled starspawn
    74 | Abyss:2  | Noticed a spriggan defender skeleton
    78 | Abyss:2  | Mangled by a spriggan defender skeleton

Illustrated notes

Levels and vault maps discovered:
Abyss:2:  base: Temple, evilmike_abyss_exit_mutagenic

Table legend: (Time is in decaauts)
 A = Elapsed time spent in this place.
 B = Non-inter-level travel time spent in this place.
 C = Inter-level travel time spent in this place.
 D = Time resting spent in this place.
 E = Time spent auto-exploring this place.
 F = Levels seen in this place.
 G = Mean time per level.
                   A        B        C        D        E       F      G
               +--------+--------+--------+--------+--------+-----+--------+
         Total |     77 |     77 |      0 |      0 |     41 |   2 |   38.5 |
         Abyss |     77 |     77 |      0 |      0 |     41 |   2 |   38.5 |
               +--------+--------+--------+--------+--------+-----+--------+

Top non-repeatable levels by time:
 Abyss:2: 55 daAuts
 Abyss:1: 22 daAuts
